Unix NetHack Version 5.0.0-0 post-release - last build Jul 14 2026 02:55:29 (1809b74e8187c3a3585e283601c3028b46cbbdcb,branch:main).

Game began 2026-07-14 18:16:14, ended 2026-07-15 16:19:36.

Koku, neutral female gnomish Wizard

                                              ###`
                        -----                 #-----
                        |...+                 #|...|
                       #-...|#####            #|.`..#################   -----
                       #|.>.-#####+FF:        #|...|        ------  #   |...|
                      ##|...|    # F.r        #|...|        |....|  ####|...|
                      # -----    % -.-      # #..{..        |....|     #|...|
                      #          `#############---.-        |....|     #....|
                     ##              ######                 |....|######|...|
              #       #               ##  #                 |..h..#     |..<|
             ``#########          -----.--|----+--          |....|      -----
             -@-      #           |.........{....|          ------
             |s..                 |..............|
             |.....               |..............|
             |.......             ----------------
             ---------

Koku the Conjurer         St:10 Dx:14 Co:13 In:17 Wi:12 Ch:10  Neutral
Dlvl:4  $:160 HP:0(20) Pw:15(37) AC:7  Xp:4 T:2334 

Latest messages:
 Refresh your memory anyway? [yn] (n) y
 You begin to memorize the runes.
 Your knowledge of "force bolt" is keener.
 You swap places with Tulip.
 $ - 16 gold pieces (160 in total).
 n - an iron skull cap.
 q - a swirly potion.
 With great effort you move the boulder.
 You try to move the boulder, but in vain.
 You try to move the boulder, but in vain.
 You try to move the boulder, but in vain.
 You stop.  Tulip is in the way!
 You swap places with Tulip.
 You swap places with Tulip.
 The door opens.
 With great effort you move the boulder.
 You miss the elf zombie.
 The elf zombie hits!
 You hit the elf zombie!
 You hit the elf zombie.
 The elf zombie hits!
 You hit the elf zombie.
 You miss the elf zombie.
 You fail to cast the spell correctly.
 What do you want to zap? [c or ?*] b
 That is a silly thing to zap.
 You destroy the elf zombie!
 You see here an elf corpse.
 The door opens.
 With great effort you move the boulder.
 You try to move the boulder, but in vain.
 You miss the centipede.
 The centipede bites!
 You miss the centipede.
 You miss the centipede.
 You miss the centipede.
 You miss the centipede.
 The centipede bites!
 You miss the centipede.
 You miss the centipede.
 You miss the centipede.
 You miss the centipede.
 The centipede bites!
 The centipede's bite was poisoned!
 You die...
 Do you want your possessions identified? [ynq] (y) y
 Do you want to see your attributes? [ynq] (y) y
 Do you want an account of creatures vanquished? [ynaq] (y) y
 Do you want to see your conduct and achievements? [ynq] (y) y
 Do you want to see the dungeon overview? [ynq] (y) y

Inventory:
 Coins    ('$')
  $ - 160 gold pieces
 Weapons  (')')
  p - a blessed +0 elven dagger (weapon in right hand)
  a - a blessed +1 quarterstaff
 Armor    ('[')
  n - a blessed +0 orcish helm
  F - an uncursed +0 orcish helm (being worn)
  B - an uncursed +0 pair of elven boots (being worn)
  v - a cursed -1 small shield (being worn)
  b - an uncursed +0 cloak of magic resistance (being worn)
 Scrolls  ('?')
  w - an uncursed scroll of fire
  j - an uncursed scroll of light
  i - 2 uncursed scrolls of remove curse
  u - an uncursed scroll of teleportation
 Spellbooks  ('+')
  k - a blessed spellbook of force bolt
  l - an uncursed spellbook of magic missile
 Potions  ('!')
  f - a blessed potion of monster detection
  h - an uncursed potion of object detection
  q - a blessed potion of paralysis
  g - an uncursed potion of polymorph
  o - an uncursed potion of sickness
 Rings    ('=')
  d - an uncursed ring of polymorph
  e - an uncursed ring of regeneration
 Wands    ('/')
  c - a wand of slow monster (0:8)
 Tools    ('(')
  m - a magic marker (0:19)
 Gems/Stones  ('*')
  y - 2 uncursed worthless pieces of black glass
  G - an uncursed worthless piece of red glass

Koku the Wizard's attributes:

Background:
 You were a Conjurer, a level 4 female gnomish Wizard.
 You were neutral, on a mission for Thoth
 who was opposed by Ptah (lawful) and Anhur (chaotic).
 You were right-handed.
 You were in the Dungeons of Doom, on level 4.
 You entered the dungeon 2334 turns ago.
 There was a new moon in effect when your adventure ended.
 You had 127 experience points, 33 more were needed to attain level 5.

Basics:
 You had 0 out of 20 hit points.
 You had 15 out of 37 energy points (spell power).
 Your armor class was 7.
 Your wallet contained 160 zorkmids.
 Autopickup was off.

Final Characteristics:
 Your strength was 10 (limit:18/50).
 Your dexterity was 14 (limit:18).
 Your constitution was 13 (limit:18).
 Your intelligence was 17 (limit:19).
 Your wisdom was 12 (limit:18).
 Your charisma was 10 (limit:18).

Final Status:
 You weren't hungry.
 You were unencumbered.
 You were wielding a dagger.
 You were unskilled in dagger.

Final Attributes:
 You were piously aligned.
 You were magic-protected.
 You had infravision.
 You were stealthy.
 You were warded.
 You are dead.

Miscellaneous:
 You didn't encounter any bones levels.
 Total elapsed playing time was 20 minutes and 37 seconds.

Major events:
 Turn
    1: Koku the neutral female gnomish Wizard entered the dungeon
 1347: attained the rank of Conjurer (level 3)
 2334: killed by a centipede

Spells:
 Name                 Level Category     Fail Retention
 force bolt             1   attack        18%  91%-100%
 magic missile          2   attack         0%  91%-100%
 confuse monster        1   enchantment   18%   81%-90%

Skills:
 Fighting Skills
   bare handed combat [Unskilled]
   riding             [Unskilled]
 Weapon Skills
   dagger             [Unskilled]
   knife              [Unskilled]
   axe                [Unskilled]
   short sword        [Unskilled]
   club               [Unskilled]
   mace               [Unskilled]
   quarterstaff       [Basic]
   polearms           [Unskilled]
   spear              [Unskilled]
   trident            [Unskilled]
   sling              [Unskilled]
   dart               [Unskilled]
   shuriken           [Unskilled]
 Spellcasting Skills
   attack spells      [Basic]
   healing spells     [Unskilled]
   divination spells  [Unskilled]
   enchantment spells [Basic]
   clerical spells    [Unskilled]
   escape spells      [Unskilled]
   matter spells      [Unskilled]

Voluntary challenges:
 Character rerolling was not enabled.
 You never genocided any monsters.
 You never polymorphed an object.
 You never changed form.
 You used no wishes.
Achievements:
 You entered a shop.
 You attained the rank of Conjurer.

 The Dungeons of Doom: levels 1 to 4
    Level 1:
       An altar to Thoth.
    Level 2:
       Some fountains.
    Level 3:
       A general store, a fountain.
    Level 4: <- You were here.
       Some fountains.
       Final resting place for
          you, killed by a centipede.


Vanquished creatures:
 an elf zombie
  a giant ant
  a floating eye
  a hill orc
 an iguana
 an acid blob
  2 hobbits
  a large kobold
  2 giant rats
  a brown mold
  a yellow mold
  2 red molds
  a gecko
  5 jackals
  2 foxes
  2 kobolds
  3 goblins
  3 grid bugs
  2 lichens
  2 kobold zombies
  4 newts
39 creatures vanquished.

No species were genocided or became extinct.

Game over:
                       ----------
                      /          \
                     /    REST    \
                    /      IN      \
                   /     PEACE      \
                  /                  \
                  |       Koku       |
                  |      160 Au      |
                  |   killed by a    |
                  |    centipede     |
                  |                  |
                  |                  |
                  |       2026       |
                 *|     *  *  *      | *
        _________)/\\_//(\/(/\)/\//\/|_)_______

Goodbye Koku the Wizard...

You died in The Dungeons of Doom on dungeon level 4 with 822 points,
and 160 pieces of gold, after 2334 moves.
You were level 4 with a maximum of 20 hit points when you died.

